 Dungeon Crawl Stone Soup version 0.28.0-47-ge53b351184 (webtiles) character file.

Game seed: 17999496136072340090

51 Icepheonix32 the Chiller (level 3, -1/26 HPs)
             Began as a Demonspawn Ice Elementalist on May 2, 2022.
             Slain by a dart slug (2 damage)
             ... on level 2 of the Dungeon.
             The game lasted 00:03:08 (1646 turns).

Icepheonix32 the Chiller (DsIE)                     Turns: 1646, Time: 00:03:09

Health: -1/26      AC:  2    Str: 10    XL:     3   Next: 57%
Magic:  0/6        EV: 12    Int: 16    God:
Gold:   8          SH:  0    Dex: 13    Spells: 5/6 levels left

rFire   . . .      SeeInvis .   b - +0 dagger
rCold   . . .      Faith    .   (no shield)
rNeg    . . .      Spirit   .   a - +0 robe
rPois   .          Reflect  .   (helmet restricted)
rElec   .          Harm     .   (no cloak)
rCorr   .          Rampage  .   (no gloves)
Will    .....                   (no boots)
Stlth   ++........              (no amulet)
HPRegen 0.08/turn               (no ring)
MPRegen 0.10/turn               (no ring)

@: very slightly contaminated
A: horns 1, sturdy frame 1
a: no special abilities


You were on level 2 of the Dungeon.
You visited 1 branch of the dungeon, and saw 2 of its levels.

You collected 8 gold pieces.

Inventory:

Hand Weapons
 b - a +0 dagger (weapon)
Armour
 a - a +0 robe (worn)
Potions
 h - a potion of attraction


   Skills:
 * Level 1.0 Fighting
 - Level 1.7 Dodging
 - Level 1.7 Stealth
 - Level 2.0 Spellcasting
 * Level 4.7 Ice Magic


You had 5 spell levels left.
You knew the following spells:

 Your Spells              Type           Power      Damage    Failure   Level
a - Freeze                Ice            64%        1d8       3%          1

Your spell library contained the following spells:

 Spells                   Type           Power      Damage    Failure   Level
 Frozen Ramparts          Ice            32%        1d5       9%          3
 Ozocubu's Armour         Ice            16%        N/A       9%          3
 Hailstorm                Conj/Ice       9%         3d4       61%         4
 Leda's Liquefaction      Hex/Erth       0%         N/A       90%         4
 Lee's Rapid Deconstruct  Erth           0%         3d5*      99%         5
 Statue Form              Tmut/Erth      0%         N/A       100%        6


Dungeon Overview and Level Annotations

Branches:
Dungeon (2/15)

Altars:

Shops:
D:1 [


Innate Abilities, Weirdness & Mutations

You have a pair of small horns on your head.
Your movements are slightly less encumbered by armour. (ER -2)


Message History

The jackal is moderately wounded.
The jackal closely misses you.
Casting: Freeze (safe; 3% risk of failure)
Confirm with . or Enter, or press ? or * to list all spells.
Aiming: Freeze (safe; 3% risk of failure)
Press: ? - help, Shift-Dir - straight line, f - jackal
Aim: a jackal (moderately wounded)
You freeze the jackal.
The jackal is almost dead.
The jackal barely misses you. The jackal bites you.
Unknown command.
You hit the jackal.
You kill the jackal!
The dart slug launches a dart at you. The slug dart hits you.
* * * LOW HITPOINT WARNING * * *
Unknown command.
Unknown command.
There are monsters nearby!
You hit the dart slug. You headbutt the dart slug.
The dart slug is moderately wounded.
The dart slug launches a dart at you. The slug dart hits you.
* * * LOW HITPOINT WARNING * * *
Okay, then.
The goblin shouts!
Casting: Freeze (safe; 3% risk of failure)
Confirm with . or Enter, or press ? or * to list all spells.
Aiming: Freeze (safe; 3% risk of failure)
Press: ? - help, Shift-Dir - straight line, f - dart slug
Aim: a dart slug (moderately wounded)
You miscast Freeze.
You are very lightly contaminated with residual magic.
Nothing appears to happen.
Unknown command.
Unknown command.
You hit the dart slug. You headbutt the dart slug.
The dart slug is severely wounded.
The dart slug bites you.
You die...

.. #.+ .. #.# .. ..#
#. #.# ###.
#.####+#####.# ...
#.##...†w....#
#.#####.##..###.......
#.......#.w###.8.....
#.######....@.g.......
## ###.###........ #.#
....... #.# .....>.
..# ....... #.# .. #.#
. .#


You could see a dart slug and a goblin.

Vanquished Creatures
  Robin (D:2)
  2 endoplasms
  3 giant cockroaches
  9 goblins
  3 hobgoblins (D:1)
  2 jackals (D:2)
  2 kobolds (D:1)
  4 ball pythons (D:1)
  3 bats
  A frilled lizard (D:1)
  5 rats (D:1)
35 creatures vanquished.

Notes
Turn   | Place    | Note
-------+----------+-------------------------------------------
     0 | D:1      | Icepheonix32 the Demonspawn Ice Elementalist began the
                  | quest for the Orb.
     0 | D:1      | Reached XP level 1. HP: 13/13 MP: 3/3
   263 | D:1      | Reached skill level 4 in Ice Magic
   276 | D:1      | Gained mutation: Your movements are slightly less
                  | encumbered by armour. (ER -2) [demonic ancestry]
   276 | D:1      | Reached XP level 2. HP: 20/20 MP: 3/5
   501 | D:1      | Found a faded altar of an unknown god.
   568 | D:1      | Found Fiveinn's Antique Armour Shoppe.
  1095 | D:1      | Gained mutation: You have a pair of small horns on your
                  | head. [demonic ancestry]
  1095 | D:1      | Reached XP level 3. HP: 25/25 MP: 3/6
  1361 | D:2      | Noticed Robin
  1376 | D:2      | Killed Robin
  1377 | D:2      | Reached skill level 1 in Fighting
  1643 | D:2      | HP: 1/26 [dart slug/slug dart (5)]
  1646 | D:2      | Slain by a dart slug

Illustrated notes

Levels and vault maps discovered:
D:1:      amcnicky_arrival_wind_blow, layout_loops_corners,
          hellmonk_ecumenical_altar_arch_garden, serial_shops,
          nicolae_shop_stone
D:2:      cheibrodos_helix_gallery, layout_loops_ring, st_stairs_1,
          minmay_fountain_box, uniq_robin

Skill      XL: |  1  2  3 |
---------------+----------+-----
Ice Magic      | 4 |  4.7
Fighting       | 1 |  1.0
Dodging        | |  1.7
Stealth        | |  1.7
Spellcasting   | |  2.0

Action                   || total
-------------------------++-------
Melee: Unarmed           ||     4
       Dagger            ||    36
       Headbutt          ||     5
 Cast: Freeze            ||    46
  Use: Potion            ||     4
       Scroll            ||     2
 Stab: Sleeping          ||     4
Armor: Robe              ||    10
Dodge: Dodged            ||    48
